 Dungeon Crawl Stone Soup version 0.20-a0-256-gabb291d (webtiles) character file.

59 esc the Digger (level 4, -3/26 HPs)
             Began as a Gargoyle Earth Elementalist on Nov 30, 2016.
             Was an Initiate of Sif Muna.
             Killed from afar by an orc wizard (5 damage)
             ... with a magic dart
             ... on level 3 of the Dungeon on Dec 1, 2016.
             The game lasted 00:06:28 (2229 turns).

esc the Digger (Gargoyle Earth Elementalist)        Turns: 2229, Time: 00:06:29

Health: -3/26      AC:  5    Str: 12    XL:     4   Next: 3%
Magic:  1/7        EV: 12    Int: 16    God:    Sif Muna [......]
Gold:   135        SH:  0    Dex: 10    Spells: 4/8 levels left

rFire  . . .     SeeInvis .     i - +0 spear
rCold  . . .     Gourm    .     c - +0 robe
rNeg   + . .     Faith    .     (no shield)
rPois  ∞         Spirit   .     (no helmet)
rElec  +         Reflect  .     (no cloak)
rCorr  .         Harm     .     (no gloves)
MR     .....                    (no boots)
Stlth  ++........               (no amulet)
                                (no ring)
                                (no ring)

@: slowed, very slow
A: negative energy resistance 1, electricity resistance, unbreathing,
petrification resistance, rot immunity, AC +3
a: Renounce Religion


You were on level 3 of the Dungeon.
You worshipped Sif Muna.
Sif Muna was noncommittal.
You were not hungry.

You visited 1 branch of the dungeon, and saw 3 of its levels.

You collected 135 gold pieces.

Inventory:

Hand Weapons
 i - a +0 spear (weapon)
   (You found it on level 1 of the Dungeon)
 k - a +0 hand axe
   (You found it on level 1 of the Dungeon)
Missiles
 b - 27 stones (quivered)
Armour
 c - a +0 robe (worn)
 l - a +0 buckler
   (You found it on level 1 of the Dungeon)
Scrolls
 f - a scroll of identify
 h - a scroll of random uselessness
Books
 e - a book of Geomancy
Comestibles
 d - 4 bread rations {@e1}
 j - a slice of pizza
 n - 3 chunks of flesh {@w0}


   Skills:
 + Level 1.9 Fighting
 + Level 2.1 Dodging
 - Level 2.1 Stealth
 + Level 2.5 Spellcasting
 + Level 0.2 Conjurations
   Level 0.7 Transmutations
 + Level 4.1 Earth Magic
 + Level 0.0 Invocations


You had 4 spell levels left.
You knew the following spells:

 Your Spells              Type           Power        Failure   Level  Hunger
a - Sandblast             Erth           ###...       4%          1    #......
x - Stone Arrow           Conj/Erth      #.....       28%         3    ###....


Dungeon Overview and Level Annotations

Branches:
Dungeon (3/15)

Altars:
Fedhas
Sif Muna
The Shining One


Innate Abilities, Weirdness & Mutations

You are resistant to torment.
Your stone body is resilient. (AC +3)
You are immune to poison.
You resist negative energy. (rN+)
You are resistant to electric shocks. (rElec)
You can survive without breathing.
You are immune to petrification.
You are immune to rotting.


Message History

The orc wizard hits you but does no damage.
The orc wizard gestures wildly while chanting.
The orc wizard blinks!
The orc misses you.
As you read the scroll labeled EMIUFIROEH, it crumbles to dust.
The scroll dissolves into smoke.
It was a scroll of fog.
The orc wizard mumbles some strange words.
The orc wizard gestures at you while chanting.
You feel yourself slow down. The orc hits you but does no damage.
The orc wizard gestures wildly while chanting.
The orc wizard blinks!
An orc comes into view. It is wielding a dagger.
It was a potion of heal wounds.
You feel much better.
The orc wizard hits you but does no damage.
The orc wizard gestures wildly while chanting.
The orc wizard blinks!
The orc closely misses you. The orc wizard closely misses you.
The orc hits you with a short sword.
You regained 15 hp, and now have 24/26 hp.
It was a potion of curing.
You feel better.
The orc wizard hits you but does no damage.
The orc wizard closely misses you. The orc wizard barely misses you.
The orc misses you. The orc wizard hits you with a dagger.
The orc hits you with a short sword.
You take 5 damage, and have 19/26 hp.
The orc wizard misses you.
The orc wizard mumbles some strange words.
The orc wizard blinks!
The orc hits you with a short sword.
The orc wizard mumbles some strange words.
The orc wizard blinks!
The orc wizard mumbles some strange words.
You take 1 damage, and have 18/26 hp.
Aim: an orc wizard, wielding a dagger and wearing a robe (purple smoke, heavily wounded, fast)
The blast of sand hits the orc wizard.
The orc wizard casts a spell.
The orc wizard blinks!
The orc wizard barely misses you.
The orc closely misses you. x2; The orc wizard completely misses you.
The orc closely misses you.
You now have 3/7 mp.
Aim: an orc wizard, wielding a dagger and wearing a robe (purple smoke, heavily wounded, fast)
The blast of sand hits the orc wizard.
The orc wizard completely misses you.
The orc wizard mumbles some strange words.
The orc wizard blinks!
The orc barely misses you. x2
The orc wizard gestures at you while chanting.
The magic dart hits you! The orc hits you but does no damage.
The orc misses you. The orc hits you with a short sword.
* * * LOW HITPOINT WARNING * * *
You take 11 damage, and have 7/26 hp.
MASSIVE DAMAGE!!
You feel much better.
The orc wizard gestures wildly while chanting.
The orc wizard blinks!
The orc hits you but does no damage. The orc hits you with a short sword.
The orc hits you with a dagger.
You regained 13 hp, and now have 20/26 hp.
You don't know that spell.
Okay, then.
Unknown command.
Aim: an orc, wielding a dagger The blast of sand hits the orc.
The orc wizard points at you and mumbles some strange words.
The magic dart hits you!
The orc wizard casts a spell.
The orc wizard blinks!
The orc closely misses you. x3
The orc hits you with a short sword. x2
You take 9 damage, and have 11/26 hp.
MASSIVE DAMAGE!!
You now have 2/7 mp.
You aren't carrying any potions.
Aim: an orc, wielding a dagger (severely wounded)
The blast of sand hits the orc.
The orc wizard gestures wildly while chanting.
The orc wizard blinks!
The orc hits you with a short sword. The orc barely misses you.
The orc wizard gestures wildly while chanting.
The orc wizard blinks!
You take 1 damage, and have 10/26 hp.
You now have 1/7 mp.
Aim: an orc, wielding a dagger (almost dead)
The blast of sand hits the orc.
You kill the orc!
Sif Muna accepts your kill. The orc hits you with a short sword. x2
The orc wizard gestures wildly while chanting.
The orc closely misses you. x2
You take 2 damage, and have 8/26 hp.
You now have 0/7 mp.
You aren't carrying any potions.
The orc wizard hits you but does no damage.
You don't have enough magic to cast that spell.
You closely miss the orc wizard.
The orc wizard hits you but does no damage.
The orc wizard hits you with a dagger.
* * * LOW HITPOINT WARNING * * *
The orc wizard barely misses you.
The orc wizard mumbles some strange words.
The orc wizard blinks!
The orc hits you but does no damage. The orc wizard hits you with a dagger.
* * * LOW HITPOINT WARNING * * *
You take 6 damage, and have 2/26 hp.
MASSIVE DAMAGE!!
The orc wizard points at you and mumbles some strange words.
The magic dart hits you!
You die...

############
#?.....@§..#
..#♣.♣.ooo)#
♣.§.§.#######
♣.♣..§o.......#
♣.♣..##.#####.
P ♣.♣..##.#####
PP
♣.♣.........#
♣P.
♣.♣.#####.#o#
♣P..
♣.♣......>#


You could see 2 orc wizards and 2 orcs.

Vanquished Creatures
  An adder (D:2)
  A worm (D:2)
  A dart slug (D:1)
  A leopard gecko (D:2)
  An orc (D:3)
  2 bats (D:2)
  2 giant cockroaches
  8 goblins
  3 hobgoblins
  9 jackals
  A quokka (D:2)
  2 frilled lizards (D:2)
  2 kobolds (D:2)
  4 rats
38 creatures vanquished.

Notes
Turn   | Place    | Note
-------+----------+-------------------------------------------
     0 | D:1      | esc the Gargoyle Earth Elementalist began the quest for the Orb.
     0 | D:1      | Reached XP level 1. HP: 10/10 MP: 3/3
     1 | D:1      | Upgraded the game from 0.20-a0-251-g16a58bf to 0.20-a0-256-gabb291d
   177 | D:1      | Reached XP level 2. HP: 15/15 MP: 0/5
   995 | D:2      | Reached skill level 1 in Fighting
  1011 | D:2      | Reached skill level 2 in Dodging
  1272 | D:2      | Found a glowing golden altar of the Shining One.
  1319 | D:2      | Reached XP level 3. HP: 11/20 MP: 0/6
  1608 | D:2      | Reached skill level 4 in Earth Magic
  1876 | D:2      | Found a deep blue altar of Sif Muna.
  1882 | D:2      | Became a worshipper of Sif Muna the Loreminder
  1942 | D:2      | Learned a level 3 spell: Stone Arrow
  2008 | D:2      | Found a blossoming altar of Fedhas.
  2169 | D:3      | Reached XP level 4. HP: 23/26 MP: 7/7
  2228 | D:3      | HP: 6/26 [orc wizard/dagger (3)]
  2228 | D:3      | HP: 2/26 [orc wizard/dagger (4)]
  2229 | D:3      | Killed from afar by an orc wizard

Vault maps used:
D:1:      matt_arrival_spirals, st_stairs_14
D:2:      led_sif_pool, fedhas_altar_1, tso_metal_star, first_bread,
          minmay_pentomino_t2
D:3:      serial_forest, infiniplex_forest_zigzag_2, infiniplex_forest_corner_1,
          infiniplex_forest_lined_room_3, infiniplex_forest_straight_3,
          infiniplex_forest_clump_long, infiniplex_forest_clump_small,
          infiniplex_forest_clump_diagonal

Skill      XL: |  1  2  3 |
---------------+----------+-----
Fighting       | 1 |  1.9
Dodging        | 2 |  2.1
Earth Magic    | 4 |  4.1
Stealth        | |  2.1
Spellcasting   | |  2.5
Conjurations   | |  0.2
Transmutations | |  0.7

Action                   |  1- 3 |  4- 6 || total
-------------------------+-------+-------++-------
Melee: Unarmed           |     7 |       ||     7
       Spear             |   109 |     2 ||   111
 Cast: Sandblast         |    29 |     9 ||    38
  Use: Potion            |       |     3 ||     3
       Scroll            |       |     2 ||     2
 Stab: Sleeping          |     3 |       ||     3
  Eat: Chunk             |     4 |     1 ||     5
Armor: Robe              |    33 |     8 ||    41
Dodge: Dodged            |    90 |    26 ||   116

Vault maps used:
D:1:      matt_arrival_spirals, st_stairs_14
D:2:      led_sif_pool, fedhas_altar_1, tso_metal_star, first_bread,
          minmay_pentomino_t2
D:3:      serial_forest, infiniplex_forest_zigzag_2, infiniplex_forest_corner_1,
          infiniplex_forest_lined_room_3, infiniplex_forest_straight_3,
          infiniplex_forest_clump_long, infiniplex_forest_clump_small,
          infiniplex_forest_clump_diagonal

Table legend:
 A = Turns spent in this place as a percentage of turns spent in the entire game.
 B = Non-inter-level travel turns spent in this place as a percentage of non-inter-level travel turns spent in the entire game.
 C = Inter-level travel turns spent in this place as a percentage of turns spent in this place.
 D = Turns resting spent in this place as a percentage of non-inter-level travel turns spent in this place.
 E = Turns spent auto-exploring this place as a percentage of non-inter-level travel turns spent in this place.
 F = Non-inter-level travel turns spent in this place divided by the number of levels of this place that you've seen.
                   A       B       C       D       E      F
               +-------+-------+-------+-------+-------+----------------------
         Total | 100.0 | 100.0 |   0.5 |   4.8 |   9.4 | 146.0
       Dungeon | 100.0 | 100.0 |   0.5 |   4.8 |   9.4 | 146.0
               +-------+-------+-------+-------+-------+----------------------

Table legend:
 A = Kills in this place as a percentage of kills in entire the game.
 B = Kills by you in this place as a percentage of kills by you in the entire game.
 C = Kills by friends in this place as a percentage of kills by friends in the entire game.
 D = Other kills in this place as a percentage of other kills in the entire game.
 E = Experience gained in this place as a percentage of experience gained in the entire game.
 F = Experience gained in this place divided by the number of levels of this place that you have seen.
                   A       B       C       D       E      F
               +-------+-------+-------+-------+-------+----------------------
         Total | 100.0 | 100.0 |  -nan |  -nan | 100.0 |  28.3
       Dungeon | 100.0 | 100.0 |  -nan |  -nan | 100.0 |  28.3
               +-------+-------+-------+-------+-------+----------------------
